 Dungeon Crawl Stone Soup version 0.29.1-2-gbd0b4ee654 (webtiles) character file.

Game seed: 2085311399228894565

93 safid the Shooter (level 4, -4/39 (41) HPs)
             Began as a Minotaur Hunter on Nov 7, 2022.
             Killed by nerve-wracking pain
             ... invoked by an orc priest
              (5 damage)
             ... on level 3 of the Dungeon.
             The game lasted 00:02:57 (2248 turns).

safid the Shooter (Minotaur Hunter)                 Turns: 2248, Time: 00:02:59

HP:   -4/39 (41)    AC:  4    Str: 15    XL:     4   Next: 36%
MP:   3/3           EV: 12    Int:  6    God:
Gold: 175           SH:  0    Dex: 16    Spells: 3/3 levels left

rFire   . . .      SeeInvis .   a - +0 shortbow
rCold   . . .      Faith    .   (shield currently unavailable)
rNeg    . . .      Spirit   .   c - +0 leather armour
rPois   .          Reflect  .   (helmet restricted)
rElec   .          Harm     .   (no cloak)
rCorr   .          Rampage  .   (no gloves)
Will    .....                   j - +0 pair of boots
Stlth   +.........              (no amulet)
HPRegen 0.13/turn               (no ring)
MPRegen 0.08/turn               (no ring)

@: mighty, lightly drained
A: horns 2, retaliatory headbutt
a: no special abilities


You were on level 3 of the Dungeon.
You visited 1 branch of the dungeon, and saw 3 of its levels.

You collected 175 gold pieces.

Inventory:

Hand Weapons
 a - a +0 shortbow (weapon)
Armour
 c - a +0 leather armour (worn)
 j - a +0 pair of boots (worn)
Scrolls
 b - a scroll of immolation
 d - 3 scrolls of teleportation {unknown}
 e - 3 scrolls of fear {unknown}
 h - 2 scrolls of identify {unknown}
 k - a scroll of enchant weapon {unknown}
 m - a scroll of poison {unknown}
Potions
 f - a potion of flight {unknown}
 g - a potion of ambrosia {unknown}
 i - a potion of heal wounds {unknown}
 n - a potion of mutation {unknown}
 o - a potion of berserk rage {unknown}


   Skills:
 + Level 4.3 Fighting
 + Level 5.5 Ranged Weapons
 - Level 2.1 Dodging
 - Level 0.7 Stealth


You had 3 spell levels left.
You didn't know any spells.
Your spell library contained the following spells:

 Spells                   Type           Power      Damage    Failure   Level
 Poisonous Vapours        Pois/Air       0%         N/A       67%         2
 Ozocubu's Armour         Ice            0%         N/A       88%         3
 Corpse Rot               Necr/Pois/Air  0%         N/A       99%         4
 Ozocubu's Refrigeration  Ice            0%         4d7       100%        7


Dungeon Overview and Level Annotations

Branches:
Dungeon (3/15)

Altars:


Innate Abilities, Weirdness & Mutations

You have a pair of horns on your head.
You reflexively headbutt those who attack you in melee.


Message History

Press: ? - help, Q - select action Shift-Dir - straight line, f/p - orc priest
Aim: an orc priest, wielding a +0 mace and wearing a +0 scale mail (severely wounded, 68% to hit)
You shoot an arrow. The arrow barely misses the orc priest.
The arrow hits the orc wizard.
The orc wizard is moderately wounded.
The orc priest hits you but does no damage.
The orc priest calls upon Beogh to heal the orc wizard.
The orc wizard's wounds heal themselves!
Fire: a) +0 shortbow
Press: ? - help, Q - select action Shift-Dir - straight line, f/p - orc priest
Aim: an orc priest, wielding a +0 mace and wearing a +0 scale mail (severely wounded, 68% to hit)
You shoot an arrow.
The arrow hits the orc priest but does no damage.
The orc priest is severely wounded.
The orc priest hits you with a +0 mace.
* * * LOW HITPOINT WARNING * * *
Fire: a) +0 shortbow
Press: ? - help, Q - select action Shift-Dir - straight line, f/p - orc priest
Aim: an orc priest, wielding a +0 mace and wearing a +0 scale mail (severely wounded, 68% to hit)
You shoot an arrow. The arrow hits the orc priest.
The orc priest is almost dead.
The orc priest hits you with a +0 mace.
* * * LOW HITPOINT WARNING * * *
Fire: a) +0 shortbow
Press: ? - help, Q - select action Shift-Dir - straight line, f/p - orc priest
Aim: an orc priest, wielding a +0 mace and wearing a +0 scale mail (almost dead, 68% to hit)
You shoot an arrow. The arrow barely misses the orc priest.
The arrow hits the orc wizard!
The orc wizard is severely wounded.
The orc priest calls upon Beogh to heal the orc wizard.
The orc wizard is healed somewhat.
Unknown command.
It was a potion of might.
You feel very mighty all of a sudden.
The orc wizard mumbles some strange words.
The orc wizard flickers and vanishes!
Deactivating autopickup; reactivate with Ctrl-A.
The orc priest calls down the wrath of Beogh upon you.
Pain shoots through your body!
You die...

......#.........#..
#...............#..
#.....#............
#.....#............
#...............###
##Jg##..#.....##...
#{## #.......#..##
#o# ######....##
#@# #...## ##.##
#.).# #...### #...#
#..†..### ###.#
#..>#...#####..#
#######.......##
#########


You could see an orc priest, an endoplasm and a hobgoblin.

Vanquished Creatures
  3 adders
  3 dart slugs
  6 orcs
  6 bats
  4 endoplasms
  4 giant cockroaches
  6 hobgoblins
  3 kobolds
  5 quokkas
  A ball python (D:3)
  2 frilled lizards
  3 goblins
  4 rats
50 creatures vanquished.

Notes
Turn   | Place    | Note
-------+----------+-------------------------------------------
     0 | D:1      | safid the Minotaur Hunter began the quest for the Orb.
     0 | D:1      | Reached XP level 1. HP: 18/18 MP: 0/0
   301 | D:1      | Reached XP level 2. HP: 15/25 MP: 1/1
  1078 | D:2      | Reached XP level 3. HP: 31/31 MP: 2/2
  1105 | D:2      | Reached skill level 5 in Ranged Weapons
  1706 | D:2      | Reached XP level 4. HP: 28/40 MP: 3/3
  2246 | D:3      | HP: 1/39 [orc priest/+0 mace (3)]
  2248 | D:3      | Killed from afar by an orc priest

Illustrated notes

Levels and vault maps discovered:
D:1:      dpeg_arrival_central, layout_basic
D:2:      layout_basic, grunt_decor_junction, guppyfry_early_orc_mine
D:3:      layout_rooms, hellmonk_ecumenical_altar_heavens_door,
          kennysheep_generic_room_9

Skill      XL: |  1  2  3 |
---------------+----------+-----
Fighting       | 3 4 |  4.3
Ranged Weapons | 5 |  5.5
Dodging        | |  2.1
Stealth        | |  0.7

Action                   |  1- 3 |  4- 6 || total
-------------------------+-------+-------++-------
 Fire: Shortbow          |   121 |    42 ||   163
  Use: Potion            |       |     1 ||     1
Armor: Leather armour    |    15 |     7 ||    22
Dodge: Dodged            |    37 |     9 ||    46
